 Dungeon Crawl Stone Soup version 0.22-a0-40-g3d2f077def (webtiles) character file.

42 NixNut the Charlatan (level 3, 0/40 HPs)
             Began as a Demonspawn Artificer on Jan 5, 2018.
             Succumbed to an adder's poison
             ... on level 2 of the Dungeon.
             The game lasted 00:05:54 (1944 turns).

NixNut the Charlatan (Demonspawn Artificer)         Turns: 1944, Time: 00:05:55

Health: 0/40       AC: 21    Str: 13    XL:     3   Next: 33%
Magic:  5/5        EV:  2    Int: 12    God:
Gold:   82         SH:  4    Dex: 18    Spells: 2/2 levels left

rFire    . . .     SeeInvis .   a - +0 short sword
rCold    . . .     Gourm    .   i - +0 buckler
rNeg     + + +     Faith    .   (armour currently unavailable)
rPois    +         Spirit   .   (helmet currently unavailable)
rElec    .         Reflect  .   (cloak currently unavailable)
rCorr    +         Harm     .   (gloves currently unavailable)
MR       .....     NoTele   +   (boots currently unavailable)
Stlth    +++.......             h - amulet of magic regeneration
HPRegen  0.13/turn              j - ring of resist corrosion (curse)
MPRegen  0.34/turn              (no ring)

@: agile, lethally poisoned (0 -> -6), tree-form, hasted, very quick
A: no striking features
a: no special abilities


You were on level 2 of the Dungeon.
You were not hungry.
You were a tree.
You visited 1 branch of the dungeon, and saw 3 of its levels.

You collected 82 gold pieces.

Inventory:

Hand Weapons
 a - a +0 short sword (weapon)
Missiles
 A - 6 tomahawks of returning (quivered)
Armour
 i - a +0 buckler (worn)
 z - a cursed +0 robe (melded)
Jewellery
 h - an amulet of magic regeneration (around neck)
 j - a cursed ring of resist corrosion (left branch)
 w - an uncursed amulet of the gourmand
Wands
 c - a wand of flame (14)
 d - a wand of enslavement (14)
 e - a wand of random effects (15)
 l - a wand of acid (6)
Scrolls
 b - a scroll of identify
 k - a scroll of immolation {unknown}
 o - a scroll of amnesia {unknown}
 q - a scroll of fear {unknown}
 v - a scroll of blinking {unknown}
 x - 2 scrolls of teleportation {unknown}
 y - a scroll of enchant armour {unknown}
Potions
 m - a potion of might {unknown}
 n - a potion of curing {unknown}
 p - a potion of degeneration {unknown}
 r - 2 potions of magic
 u - a potion of agility
Comestibles
 f - 8 rations
 t - a chunk of flesh


   Skills:
 + Level 2.3 Fighting
 - Level 0.8 Short Blades
 + Level 0.4 Throwing
 - Level 1.7 Dodging
 - Level 0.8 Stealth
 + Level 3.7 Evocations


You had 2 spell levels left.
You didn't know any spells.

Dungeon Overview and Level Annotations

Branches:
Dungeon (3/15)

Altars:


Innate Abilities, Weirdness & Mutations

((You have a pair of small horns on your head.))


Message History

Evoke which item? (* to show all) (? for menu, Esc to quit)
Aiming: Throw Flame
Press: ? - help, Shift-Dir - straight line, f/p - adder
Aim: an adder (moderately wounded)
The puff of flame misses the adder.
You feel sick. The adder bites you.
* * * LOW HITPOINT WARNING * * *
You are more poisoned.
The adder poisons you!
It was a potion of agility.
You feel agile all of a sudden.
* * * LOW HITPOINT WARNING * * *
You feel sick. The adder bites you.
* * * LOW HITPOINT WARNING * * *
You block the adder's attack.
It was a potion of haste.
You feel yourself speed up. The adder closely misses you.
It was a potion of lignification.
You turn into a tree.
Your cursed +0 robe melds into your body.
Your roots penetrate the ground.
You die...

#.#
############.#..#
#.########## #.#..#
#..........# #.####
#..##.####.# #.#
#......#
#.############.#
#######.##(##
#..............#
........##.#
#..#############
##########.#
##S.################
#.#
#.†♣................
#.#
##.##.##############
##########.# ####.#
# #..........# #.# #
#.########## #.# #
#...# #.# # ###.#
#.# # # #.# #.# # #
#.# #.# #


You could see an adder.

Vanquished Creatures
  An adder (D:2)
  2 leopard geckos
  2 giant cockroaches
  2 goblins
  4 hobgoblins
  4 jackals (D:2)
  3 kobolds (D:1)
  A quokka (D:2)
  4 bats
  4 rats (D:1)
27 creatures vanquished.

Vanquished Creatures (others)
  4 toadstools (D:1)
4 creatures vanquished.

Grand Total: 31 creatures vanquished

Notes
Turn   | Place    | Note
-------+----------+-------------------------------------------
     0 | D:1      | NixNut the Demonspawn Artificer began the quest for the Orb.
     0 | D:1      | Reached XP level 1. HP: 15/15 MP: 3/3
   251 | D:1      | Gained mutation: You have a pair of small horns on your head. [demonic ancestry]
   251 | D:1      | Reached XP level 2. HP: 11/21 MP: 4/4
  1366 | D:2      | Reached XP level 3. HP: 27/27 MP: 5/5
  1942 | D:2      | HP: 1/27 [adder (1)]
  1944 | D:2      | Succumbed to an adder's poison

Vault maps used:
D:1:      ldierk_water_garden, due_unseen_surprise
D:2:      minmay_close_crescents
D:3:      lightli_sewer_entry_pipes

Skill      XL: |  1  2 |
---------------+-------+-----
Fighting       | 2 |  2.3
Short Blades   | |  0.8
Throwing       | |  0.4
Dodging        | |  1.7
Stealth        | |  0.8
Evocations     | |  3.7

Action                   || total
-------------------------++-------
Melee: Short sword       ||   103
       Headbutt          ||     8
Throw: Tomahawk          ||     7
Evoke: Wand              ||     2
  Use: Scroll            ||     2
       Potion            ||     3
  Eat: Chunk             ||     3
Armor: Leather armour    ||    17
       Robe              ||    14
Dodge: Dodged            ||    80
Block: Buckler           ||    21

Table legend:
 A = Spawn XP
 B = Non-spawn XP
 C = Spawn XP percentage of total XP
 D = Spawn monster count
 E = Non-spawn monster count
 F = Spawn count percentage of total count
 G = Total turns spent on level
                    A         B        C        D         E        F      G
               +---------+---------+-------+---------+---------+-------+---------
         Total |       0 |      60 |   0.0 |       0 |      27 |   0.0 |  1944
               +---------+---------+-------+---------+---------+-------+---------
           D:1 |       0 |      21 |   0.0 |       0 |      13 |   0.0 |   838
           D:2 |       0 |      39 |   0.0 |       0 |      14 |   0.0 |  1097
               +---------+---------+-------+---------+---------+-------+---------
